 Dungeon Crawl Stone Soup version 0.29-a0-284-gf9362112df (console) character file.

Game seed: 4566618147172556390

303 petzl the Stinger (level 6, -6/44 HPs)
             Began as a Formicid Arcane Marksman on Mar 22, 2022.
             Mangled by a gnoll sergeant
             ... wielding a +2 spear of venom
              (8 damage)
             ... on level 6 of the Dungeon.
             The game lasted 00:12:50 (3240 turns).

petzl the Stinger (Formicid Arcane Marksman)        Turns: 3240, Time: 00:12:51

Health: -6/44      AC:  3    Str: 15    XL:     6   Next: 66%
Magic:  11/11      EV: 11    Int: 14    God:
Gold:   260        SH:  0    Dex: 11    Spells: 4/11 levels left

rFire   . . .      SeeInvis +   a - +0 hand crossbow
rCold   . . .      Faith    .   (no shield)
rNeg    . . .      Spirit   .   l - +0 leather armour
rPois   .          Reflect  .   (helmet unavailable)
rElec   .          Harm     .   q - scarf {+Inv}
rCorr   .          Rampage  .   (no gloves)
Will    .....                   (no boots)
Stlth   +.........              (no amulet)
HPRegen 0.14/turn               o - ring of wizardry
MPRegen 0.12/turn               t - ring of wizardry

@: lethally poisoned (-6 -> -25)
A: permanent stasis, dig shafts and tunnels, antennae 3, four strong arms
a: Dig, Shaft Self, Evoke Invisibility


You were on level 6 of the Dungeon.
You visited 1 branch of the dungeon, and saw 5 of its levels.

You collected 260 gold pieces.

Inventory:

Hand Weapons
 a - a +0 hand crossbow (weapon)
 b - a +0 hand axe of freezing {!f =f}
Missiles
 g - 6 javelins
 h - 2 throwing nets
 u - 2 poisoned darts
Armour
 l - a +0 leather armour (worn)
 q - a scarf of invisibility (worn)
Magical Staves
 e - a staff of cold
 p - a staff of fire
Jewellery
 o - a ring of wizardry (left hand)
 t - a ring of wizardry (right hand)
Scrolls
 c - 3 scrolls of vulnerability
 d - a scroll of immolation {unknown}
 i - 3 scrolls of teleportation {unknown}
 k - 2 scrolls of identify {unknown}
 r - a scroll of enchant armour {unknown}
 v - a scroll of blinking {unknown}
 w - a scroll of summoning {unknown}
Potions
 f - a potion of magic {unknown}
 j - 2 potions of lignification {unknown}
 m - a potion of berserk rage {unknown}
 n - a potion of mutation {unknown}
 s - a potion of haste {unknown}


   Skills:
 - Level 2.0 Fighting
 - Level 2.4 Crossbows
 - Level 1.3 Armour
 - Level 2.2 Dodging
 - Level 1.8 Stealth
 + Level 3.3 Spellcasting
 - Level 3.6 Hexes
 + Level 1.5 Air Magic
 * Level 3.9 Poison Magic


You had 4 spell levels left.
You knew the following spells:

 Your Spells              Type           Power      Damage    Failure   Level
a - Slow                  Hex            48%        N/A       1%          1
b - Poisonous Vapours     Pois/Air       18%        N/A       3%          2
T - Olgreb's Toxic Radia  Pois           13%        N/A       13%         4

Your spell library contained the following spells:

 Spells                   Type           Power      Damage    Failure   Level
 Sting                    Tmut/Pois      28%        1d4       3%          1
 Pain                     Necr           8%         1d4       7%          1
 Corpse Rot               Necr/Air       8%         N/A       8%          2
 Inner Flame              Hex/Fire       7%         N/A       11%         3
 Portal Projectile        Hex/Tloc       14%        N/A       11%         3
 Cause Fear               Hex            6%         N/A       16%         4
 Agony                    Necr           2%         N/A       83%         5
 Excruciating Wounds      Necr           1%         N/A       83%         5


Dungeon Overview and Level Annotations

Branches:
Dungeon (4/15)
 Temple: D:4-7

Altars:
Ru
Uskayaw
Zin

Annotations:
D:4 Sigmund


Innate Abilities, Weirdness & Mutations

You cannot be hasted, slowed, berserked, paralysed or teleported.
You can dig through walls and to a lower floor.
You have a pair of large antennae on your head. (SInv)
Your four strong arms can wield two-handed weapons with a shield.


Message History

The giant cockroach is severely wounded.
You shoot a bolt.
The bolt hits Sigmund but does no damage.
Sigmund closely misses you.
You shoot a bolt. The bolt hits Sigmund.
Sigmund is lightly wounded.
Sigmund barely misses you.
Press: ? - help, v - describe, . - travel
Here: Sigmund, wielding a +0 scythe and wearing a +0 robe (lightly wounded)
The floor.
Unknown command.
Unknown command.
Are you sure you want to shaft yourself?
You begin to dig a shaft.
You continue digging a shaft.
Sigmund closely misses you. A shaft appears beneath you!
You fall into a shaft and drop 2 floors!
The shaft crumbles and collapses.
The gnoll shouts! x2; The gnoll sergeant shouts!
The gnoll shouts!
You hear a shout!
Found a short sword.
Are you sure you want to shaft yourself?
The scorpion stings the plant.
The plant begins to die.
The gnoll hits you with a +0 whip.
The gnoll sergeant hits you with a +1 spear of venom!
You are poisoned.
The gnoll closely misses you.
The gnoll sergeant hits you with a +2 spear of venom.
You are more poisoned.
The gnoll hits you with a +0 flail!
The gnoll shouts!
You begin to dig a shaft.
You continue digging a shaft.
* * * LOW HITPOINT WARNING * * *
You feel very sick.
The scorpion completely misses the plant.
The gnoll sergeant hits you with a +1 spear of venom.
* * * LOW HITPOINT WARNING * * *
The gnoll hits you with a +0 whip.
* * * LOW HITPOINT WARNING * * *
The gnoll barely misses you.
The gnoll sergeant hits you with a +2 spear of venom!
You die...

#+
####.########
#...........#.
#.....gg......
#....PPPgP...#
#...PPgP.PP..#
#...g@o..P..#
#..PPggWP...#
#..PsPPP....#
#..PP..PP..##
#.......P..#
#.#..)....##
..###..#### ##
#.##


You could see a wraith, 2 gnoll sergeants, a scorpion, 5 gnolls and an orc.

Vanquished Creatures
  A scorpion (D:3)
  2 necrophages
  5 adders (D:2)
  A worm (D:2)
  2 dart slugs
  9 orcs
  2 ball pythons (D:1)
  6 endoplasms
  6 goblins
  8 hobgoblins
  2 jackals (D:2)
  3 quokkas
  4 bats
  4 kobolds
  4 rats
59 creatures vanquished.

Notes
Turn   | Place    | Note
-------+----------+-------------------------------------------
     0 | D:1      | petzl the Formicid Arcane Marksman began the quest for the
                  | Orb.
     0 | D:1      | Reached XP level 1. HP: 15/15 MP: 2/2
   141 | D:1      | Reached XP level 2. HP: 21/21 MP: 4/4
   318 | D:1      | Reached XP level 3. HP: 22/26 MP: 5/5
   525 | D:2      | Reached skill level 1 in Armour
   530 | D:2      | Reached skill level 1 in Stealth
   547 | D:2      | Found a sacrificial altar of Ru.
   758 | D:2      | Reached XP level 4. HP: 33/33 MP: 5/7
   761 | D:2      | Learned a level 2 spell: Poisonous Vapours
  1322 | D:2      | Learned a level 4 spell: Olgreb's Toxic Radiance
  1356 | D:3      | Found a glowing silver altar of Zin.
  1385 | D:3      | Reached XP level 5. HP: 16/38 MP: 1/8
  1783 | D:3      | Found a hide-covered altar of Uskayaw.
  2020 | D:2      | HP: 1/37 [necrophage (3)]
  2021 | D:2      | You fall into a shaft and drop 1 floor!
  2391 | D:2      | Reached skill level 1 in Air Magic
  2391 | D:2      | Reached XP level 6. HP: 19/42 MP: 10/10
  2761 | D:3      | Found a faded altar of an unknown god.
  3231 | D:4      | Noticed Sigmund
  3238 | D:4      | You fall into a shaft and drop 2 floors!
  3238 | D:6      | Noticed a wraith
  3240 | D:6      | HP: 2/44 [gnoll/+0 whip (2)]
  3240 | D:6      | Mangled by a gnoll sergeant

Illustrated notes

Levels and vault maps discovered:
D:1:      ncdulo_watergridlock, layout_rooms
D:2:      layout_rooms, basic_altar
D:3:      layout_loops_ring, mainiacjoe_overflow_cross_hatched,
          mainiacjoe_overflow_paths, nicolae_ecumenical_oubliette
D:4:      layout_cave_pods, roderic_st_hans_cross, minmay_crystal_room,
          uniq_sigmund
D:6:      due_chaos_kobolds, layout_basic, temple_doors_ab,
          minmay_misc_feat_plants, chequers_garden, nicolae_grassy_gnolls,
          uniq_menkaure, uniq_maggie

Skill      XL: |  1  2  3  4  5 |
---------------+----------------+-----
Armour         | 1 |  1.3
Stealth        | 1 |  1.8
Dodging        | 2 |  2.2
Spellcasting   | 2 3 |  3.3
Fighting       | 2 |  2.0
Poison Magic   | 3 |  3.9
Air Magic      | 1 |  1.5
Crossbows      | |  2.4
Hexes          | |  3.6

Action                   |  1- 3 |  4- 6 || total
-------------------------+-------+-------++-------
Melee: Hand axe          |       |    23 ||    23
 Fire: Hand crossbow     |    59 |   131 ||   190
Throw: Throwing net      |     1 |     2 ||     3
 Cast: Slow              |     6 |    23 ||    29
       Poisonous Vapours |       |    12 ||    12
       Olgreb's Toxic Ra |       |     1 ||     1
 Abil: Shaft Self        |       |     3 ||     3
  Use: Potion            |     1 |     4 ||     5
Armor: Robe              |     1 |       ||     1
       Leather armour    |     5 |     9 ||    14
Dodge: Dodged            |    13 |    43 ||    56

Table legend: (Time is in decaauts)
 A = Elapsed time spent in this place.
 B = Non-inter-level travel time spent in this place.
 C = Inter-level travel time spent in this place.
 D = Time resting spent in this place.
 E = Time spent auto-exploring this place.
 F = Levels seen in this place.
 G = Mean time per level.
                   A        B        C        D        E       F      G
               +--------+--------+--------+--------+--------+-----+--------+
         Total |   3323 |   3087 |    236 |    957 |   1436 |   5 |  664.6 |
       Dungeon |   3323 |   3087 |    236 |    957 |   1436 |   5 |  664.6 |
               +--------+--------+--------+--------+--------+-----+--------+

Top non-repeatable levels by time:
     D:3: 1460 daAuts
     D:2: 1100 daAuts
     D:1: 533 daAuts
     D:4: 226 daAuts
     D:6: 1 daAuts
